 Dungeon Crawl Stone Soup version 0.28-a0-1616-g050a50673c (webtiles) character file.

Game seed: 11744869770560684334

585 mhtbhm the Poker (level 7, -1/91 HPs)
             Began as a Black Draconian Berserker on Jan 22, 2022.
             Was a Priest of Trog.
             Succumbed to a hornet's poison
             ... on level 5 of the Dungeon.
             The game lasted 00:05:49 (5598 turns).

mhtbhm the Poker (Black Draconian Berserker)        Turns: 5598, Time: 00:05:50

Health: -1/91      AC:  8    Str: 21    XL:     7   Next: 14%
Magic:  7/7        EV: 12    Int:  8    God:    Trog [***...]
Gold:   151        SH:  0    Dex: 10    Spells: 6/6 levels left

rFire   . . .      SeeInvis +   a - +1 halberd
rCold   . . .      Faith    .   (shield currently unavailable)
rNeg    . . .      Spirit   .   (armour unavailable)
rPois   .          Reflect  .   (helmet restricted)
rElec   +          Harm     .   c - +0 cloak
rCorr   .          Rampage  .   v - +0 pair of gloves
Will    .....                   (no boots)
Stlth   ..........              (no amulet)
HPRegen 0.25/turn               u - ring of see invisible
MPRegen 0.10/turn               (no ring)

@: berserking, lethally poisoned (-1 -> -22), slowed
A: breathe lightning, AC +6, unfitting armour, electricity resistance,
cold-blooded
a: Breathe Lightning, Renounce Religion, Berserk, Trog's Hand


You were on level 5 of the Dungeon.
You worshipped Trog.
Trog was most pleased with you.
You visited 1 branch of the dungeon, and saw 5 of its levels.

You collected 151 gold pieces.

Inventory:

Hand Weapons
 a - a +1 halberd (weapon)
Missiles
 n - 9 boomerangs (quivered)
Armour
 c - a +0 cloak (worn)
 v - a +0 pair of gloves (worn)
Jewellery
 g - a ring of protection from cold
 h - a +4 ring of protection
 u - a ring of see invisible (left hand)
Wands
 i - a wand of iceblast (10)
 l - a wand of flame (25)
Scrolls
 b - a scroll of enchant weapon
 e - a scroll of teleportation
 j - 2 scrolls of enchant armour {unknown}
 m - a scroll of noise {unknown}
 p - a scroll of identify {unknown}
 q - a scroll of acquirement {unknown}
 r - 2 scrolls of amnesia {unknown}
 s - a scroll of immolation {unknown}
 t - a scroll of magic mapping {unknown}
Potions
 d - 3 potions of curing {unknown}
 f - a potion of mutation {unknown}
 o - a potion of might {unknown}


   Skills:
 + Level 5.1 Fighting
 + Level 6.2 Polearms
 + Level 3.8 Dodging
 + Level 2.1 Stealth


You had 6 spell levels left.
You didn't know any spells.
Your spell library was empty.

Dungeon Overview and Level Annotations

Branches:
Dungeon (5/15)
 Temple: D:4-7

Altars:
Qazlal
Zin

Shops:
D:4 [


Innate Abilities, Weirdness & Mutations

You can breathe wild blasts of lightning.
Your glossy black scales are hard. (AC +6)
You cannot fit into any form of body armour.
You are resistant to electric shocks. (rElec)
You are cold-blooded and may be slowed by cold attacks.


Message History

The hornet stings you.
You feel yourself slow down.
You completely miss the hornet.
The hornet stings you but does no damage. x2
The hornet barely misses you.
You hit the hornet.
The hornet is lightly wounded.
You feel yourself speed up. The hornet barely misses you.
The hornet stings you.
You are poisoned.
You feel yourself slow down. The hornet stings you!
You feel as though you will be slow longer.
A red film seems to cover your vision as you go berserk!
You feel yourself moving faster!
You feel mighty!
You feel very sick. The hornet stings you!
You feel as though you will be slow longer.
The hornet stings you!
You are more poisoned.
You feel as though you will be slow longer.
You slice the hornet!!
The hornet is heavily wounded.
You feel very sick. The hornet stings you.
* * * LOW HITPOINT WARNING * * *
You feel as though you will be slow longer.
The hornet stings you!
* * * LOW HITPOINT WARNING * * *
You feel as though you will be slow longer.
You slash the hornet!
The hornet is severely wounded.
* * * LOW HITPOINT WARNING * * *
You feel very sick. The hornet stings you!
* * * LOW HITPOINT WARNING * * *
You are more poisoned.
You feel as though you will be slow longer.
You puncture the hornet!
You kill the hornet!
Trog accepts your kill.
You die...

...... ....
.... ... #..
#.# #)# #@#
#######.###
#.........#
#.###.....#
#.# #.....#
#.# #.....#
#.# #.......#
#.###.......#
#.............


There were no monsters in sight!

Vanquished Creatures
  A hornet (D:5)
  A sky beast (D:4)
  A centaur zombie (D:4)
  2 jellies (D:4)
  Jessica (D:2)
  An orc wizard (D:4)
  Terence (D:3)
  An iguana (D:5)
  Ijyb (D:3)
  A mummy (D:4)
  4 adders
  12 gnolls
  2 worms
  8 orcs
  10 ball pythons
  5 endoplasms
  3 giant cockroaches (D:4)
  6 goblins
  9 hobgoblins
  2 jackals (D:2)
  13 kobolds
  4 quokkas
  6 bats
  6 frilled lizards
  A jackal skeleton (D:4)
  A kobold zombie (D:4)
  3 orc zombies (D:4)
  7 rats
113 creatures vanquished.

Notes
Turn   | Place    | Note
-------+----------+-------------------------------------------
     0 | D:1      | mhtbhm the Draconian Berserker began the quest for the Orb.
     0 | D:1      | Reached XP level 1. HP: 19/19 MP: 1/1
   300 | D:1      | Found a faded altar of an unknown god.
   469 | D:1      | Reached XP level 2. HP: 26/26 MP: 2/2
   821 | D:1      | Reached XP level 3. HP: 33/33 MP: 3/3
  1202 | D:2      | Noticed Jessica
  1213 | D:2      | Killed Jessica
  1225 | D:2      | Reached ** piety under Trog
  1466 | D:2      | Reached XP level 4. HP: 26/40 MP: 4/4
  1765 | D:2      | Found a glowing silver altar of Zin.
  1981 | D:2      | Reached skill level 4 in Polearms
  2290 | D:3      | Found a stormy altar of Qazlal.
  2292 | D:3      | Noticed Ijyb
  2352 | D:3      | Killed Ijyb
  2416 | D:3      | Reached skill level 1 in Stealth
  2460 | D:3      | Noticed Terence
  2479 | D:3      | Killed Terence
  2480 | D:3      | Reached XP level 5. HP: 28/47 MP: 5/5
  3353 | D:4      | Reached skill level 5 in Polearms
  3428 | D:4      | Reached *** piety under Trog
  3435 | D:4      | Reached XP level 6. HP: 43/53 MP: 6/6
  4644 | D:4      | Found Eboic's Antique Armour Emporium.
  4717 | D:4      | Reached skill level 5 in Fighting
  4929 | D:4      | Reached skill level 6 in Polearms
  5149 | D:4      | Noticed a sky beast
  5154 | D:4      | Killed a sky beast
  5155 | D:4      | Your scales start taking on a glossy black colour.
  5155 | D:4      | Reached XP level 7. HP: 61/61 MP: 7/7
  5155 | D:4      | Gained mutation: You are resistant to electric shocks.
                  | (rElec) [Black Draconian growth]
  5539 | D:5      | Entered Level 5 of the Dungeon
  5586 | D:5      | Noticed a hornet
  5597 | D:5      | HP: 4/91 [hornet (9)]
  5598 | D:5      | Killed a hornet
  5598 | D:5      | Succumbed to a hornet's poison

Illustrated notes

Levels and vault maps discovered:
D:1:      heliophobic_arrival_glass_houses, layout_loops_corners,
          shapermc_ecumenical_altar_venn, minmay_3d_cube
D:2:      layout_rooms, basic_altar, uniq_jessica
D:3:      minmay_general_purpose_star, layout_basic, grunt_qazlal_sundering,
          uniq_terence, uniq_ijyb
D:4:      layout_layer_cave, serial_shops, nicolae_shop_hallway_stairs,
          minmay_mini_ossuary
D:5:      layout_basic, minmay_fountain_box, minmay_liquid_box

Skill      XL: |  1  2  3  4  5  6  7 |
---------------+----------------------+-----
Dodging        | 3 |  3.8
Fighting       | 4 5 |  5.1
Polearms       | 4 5 6 |  6.2
Stealth        | 1 2 |  2.1

Action                   |  1- 3 |  4- 6 |  7- 9 || total
-------------------------+-------+-------+-------++-------
Melee: Spear             |   113 |   155 |       ||   268
       Tailslap          |     5 |    24 |     1 ||    30
       Punch             |       |     2 |       ||     2
       Halberd           |       |   118 |    13 ||   131
Invok: Berserk           |     1 |     3 |     1 ||     5
Evoke: Wand              |       |     1 |       ||     1
  Use: Scroll            |       |     5 |       ||     5
 Stab: Sleeping          |       |     6 |       ||     6
Armor: Skin              |    19 |    61 |     7 ||    87
Dodge: Dodged            |    61 |   143 |     4 ||   208

Table legend: (Time is in decaauts)
 A = Elapsed time spent in this place.
 B = Non-inter-level travel time spent in this place.
 C = Inter-level travel time spent in this place.
 D = Time resting spent in this place.
 E = Time spent auto-exploring this place.
 F = Levels seen in this place.
 G = Mean time per level.
                   A        B        C        D        E       F      G
               +--------+--------+--------+--------+--------+-----+--------+
         Total |   5647 |   5647 |      0 |   1213 |   3417 |   5 | 1129.4 |
       Dungeon |   5647 |   5647 |      0 |   1213 |   3417 |   5 | 1129.4 |
               +--------+--------+--------+--------+--------+-----+--------+

Top non-repeatable levels by time:
     D:4: 2287 daAuts
     D:1: 1186 daAuts
     D:3: 1111 daAuts
     D:2: 998 daAuts
     D:5: 63 daAuts
